 Dungeon Crawl Stone Soup version 0.28.0 (webtiles) character file.

Game seed: 1551299377519038561

70 Hasart the Covered (level 3, 0/31 HPs)
             Began as a Demigod Fighter on Feb 16, 2022.
             Slain by an orc priest (4 damage)
             ... on level 3 of the Dungeon.
             The game lasted 00:01:38 (2293 turns).

Hasart the Covered (Demigod Fighter)                Turns: 2293, Time: 00:01:38

Health: 0/31       AC:  6    Str: 21    XL:     3   Next: 77%
Magic:  5/5        EV:  9    Int: 10    God:
Gold:   113        SH:  4    Dex: 13    Spells: 2/2 levels left

rFire   . . .      SeeInvis .   a - +0 war axe
rCold   . . .      Faith    .   c - +0 buckler
rNeg    . . .      Spirit   .   b - +0 scale mail
rPois   .          Reflect  .   (no helmet)
rElec   .          Harm     .   (no cloak)
rCorr   .          Rampage  .   (no gloves)
Will    .....                   (no boots)
Stlth   ..........              (no amulet)
HPRegen 0.10/turn               (no ring)
MPRegen 0.09/turn               (no ring)

@: no status effects
A: high MP 1, forlorn, divine attributes
a: no special abilities


You were on level 3 of the Dungeon.
You visited 1 branch of the dungeon, and saw 3 of its levels.

You collected 113 gold pieces.

Inventory:

Hand Weapons
 a - a +0 war axe (weapon)
Armour
 b - a +0 scale mail (worn)
 c - a +0 buckler (worn)
Scrolls
 h - a scroll of vulnerability {unknown}
 i - a scroll of blinking {unknown}
 j - a scroll of enchant weapon {unknown}
Potions
 d - 2 potions of might
 e - a potion of heal wounds {unknown}
 f - a potion of curing {unknown}
 g - a potion of attraction {unknown}


   Skills:
 + Level 3.0 Fighting
 * Level 2.7 Axes
 + Level 3.1 Armour
 + Level 1.0 Dodging
 + Level 3.0 Shields


You had 2 spell levels left.
You didn't know any spells.
Your spell library was empty.

Dungeon Overview and Level Annotations

Branches:
Dungeon (3/15)


Innate Abilities, Weirdness & Mutations

You have an increased reservoir of magic. (+10% MP)
You shall have no god before yourself.
Your divine heritage dramatically boosts your attributes as you level up.


Message History

The orc priest looks encouraged for a moment.
An orc comes into view. It is wielding a +0 war axe.
Things that are here:
a +0 hand axe; a +0 leather armour The orc shouts!
You slash the orc!
You kill the orc!
You block the orc's attack.
The orc priest mumbles some strange prayers to Beogh against you.
Beogh smites you!
Things that are here:
a +0 whip; an orc corpse You slash the orc!
You kill the orc!
The orc priest closely misses you.
Things that are here:
a +2 hand axe of venom; a +0 leather armour; an orc corpse You closely miss the orc priest.
The orc priest hits you with a +0 short sword. x2
You are too injured to fight recklessly!
You are too injured to fight recklessly!
You are too injured to fight recklessly!
You are too injured to fight recklessly!
You are too injured to fight recklessly!
You are too injured to fight recklessly!
You are too injured to fight recklessly!
You are too injured to fight recklessly!
You are too injured to fight recklessly!
Unknown command.
You barely miss the orc priest.
The orc priest hits you with a +0 short sword.
* * * LOW HITPOINT WARNING * * *
You hit the orc priest but do no damage.
The orc priest hits you with a +0 short sword.
* * * LOW HITPOINT WARNING * * *
The orc priest barely misses you.
You hit the orc priest.
The orc priest is lightly wounded.
The orc priest hits you with a +0 short sword.
You die...

...#
#..)....###.#
...#
#####.#.....#
...# #.#######
...# #.# #..
...# #####.#
#.# ####
#.....# #.#
#.##### #o# #.#
#o# #.# #@# #.#
#)# #.# #)#
###.####### #.#
#.........# #.#
#.#.......# #.#
#.###########.#
#.# #........#
#.# #.########


You could see an orc priest and an orc.

Vanquished Creatures
  A worm (D:2)
  2 dart slugs (D:1)
  4 orcs (D:3)
  5 ball pythons
  5 endoplasms
  3 giant cockroaches
  7 goblins
  5 hobgoblins
  4 kobolds
  4 quokkas
  4 bats
  2 frilled lizards
  5 rats
51 creatures vanquished.

Vanquished Creatures (others)
  2 withered plants (D:1)
2 creatures vanquished.

Grand Total: 53 creatures vanquished

Notes
Turn   | Place    | Note
-------+----------+-------------------------------------------
     0 | D:1      | Hasart the Demigod Fighter began the quest for the Orb.
     0 | D:1      | Reached XP level 1. HP: 18/18 MP: 3/3
   411 | D:1      | Reached XP level 2. HP: 15/25 MP: 4/4
  1441 | D:2      | Reached XP level 3. HP: 22/30 MP: 5/5
  2141 | D:3      | Reached skill level 1 in Dodging
  2293 | D:3      | Slain by an orc priest

Illustrated notes

Levels and vault maps discovered:
D:1:      dpeg_arrival_three_same_balls, layout_basic,
          ebering_ecumenical_altar_petrified
D:2:      layout_loops_ring
D:3:      layout_basic, lemuel_round_altar

Skill      XL: |  1  2  3 |
---------------+----------+-----
Axes           | 2 |  2.7
Armour         | 3 |  3.1
Fighting       | 3 |  3.0
Shields        | 3 |  3.0
Dodging        | 1 |  1.0

Action                   || total
-------------------------++-------
Melee: War axe           ||   134
Armor: Scale mail        ||    56
Dodge: Dodged            ||    62
Block: Buckler           ||    27
